 Dungeon Crawl Stone Soup version 0.29-a0-551-gffc1d7fb78 (webtiles) character file.

Game seed: 14459745391924986308

114 bande the Slicer (level 4, -1/32 HPs)
             Began as a Gnoll Wanderer on June 5, 2022.
             Succumbed to a gnoll's poison
             ... on level 3 of the Dungeon.
             The game lasted 00:03:45 (3204 turns).

bande the Slicer (Gnoll Wanderer)                   Turns: 3204, Time: 00:03:46

Health: -1/32      AC:  4    Str: 11    XL:     4   Next: 98%
Magic:  13/13      EV: 12    Int: 14    God:
Gold:   137        SH:  0    Dex: 11    Spells: 17/17 levels left

rFire   . . .      SeeInvis +   a - +3 short sword
rCold   . . .      Faith    .   (no shield)
rNeg    . . .      Spirit   .   h - +0 leather armour
rPois   .          Reflect  .   b - +0 helmet
rElec   .          Harm     .   (no cloak)
rCorr   .          Rampage  .   (no gloves)
Will    .....                   (no boots)
Stlth   +.........              (no amulet)
HPRegen 0.10/turn               e - ring of see invisible
MPRegen 0.13/turn               (no ring)

@: lethally poisoned (-1 -> -14)
A: fangs 1, strong nose, distributed training
a: no special abilities


You were on level 3 of the Dungeon.
You visited 1 branch of the dungeon, and saw 3 of its levels.

You collected 137 gold pieces.

Inventory:

Hand Weapons
 a - a +3 short sword (weapon)
Missiles
 k - a throwing net (quivered)
Armour
 b - a +0 helmet (worn)
 h - a +0 leather armour (worn)
Jewellery
 e - a ring of see invisible (left hand)
Potions
 c - a potion of lignification {unknown}
 f - a potion of degeneration {unknown}
 g - a potion of curing
 i - 2 potions of might {unknown}
 j - a potion of brilliance {unknown}


   Skills:
 + Level 1.3 Fighting
 + Level 10.5 Short Blades
 + Level 1.3 Long Blades
 + Level 1.3 Axes
 + Level 1.3 Maces & Flails
 + Level 1.3 Polearms
 + Level 1.3 Staves
 + Level 1.3 Slings
 + Level 1.3 Bows
 + Level 1.3 Crossbows
 + Level 1.3 Throwing
 + Level 1.3 Armour
 + Level 2.8 Dodging
 + Level 1.3 Stealth
 + Level 1.3 Shields
 + Level 1.3 Unarmed Combat
 + Level 7.2 Spellcasting
 + Level 1.0 Conjurations
 + Level 1.0 Hexes
 + Level 1.0 Summonings
 + Level 1.0 Necromancy
 + Level 1.0 Translocations
 + Level 1.0 Transmutations
 + Level 1.0 Fire Magic
 + Level 1.0 Ice Magic
 + Level 1.0 Air Magic
 + Level 1.0 Earth Magic
 + Level 1.0 Poison Magic
 + Level 1.4 Invocations
 + Level 2.8 Evocations


You had 17 spell levels left.
You didn't know any spells.
Your spell library contained the following spells:

 Spells                   Type           Power      Damage    Failure   Level
 Poisonous Vapours        Pois/Air       16%        N/A       19%         2
 Static Discharge         Conj/Air       8%         N/A       19%         2


Dungeon Overview and Level Annotations

Branches:
Dungeon (3/15)

Altars:


Innate Abilities, Weirdness & Mutations

You have very sharp teeth.
Your uncanny sense of smell can sniff out nearby items.
Your experience applies equally to all skills.


Message History

No target in view!
No target in view!
No target in view!
You climb downwards.
There is a stone staircase leading up here.
The frilled lizard closely misses you.
You climb upwards.
There is a stone staircase leading down here.
You closely miss the frilled lizard. Your bite misses the frilled lizard.
The frilled lizard closely misses you.
You hit the frilled lizard.
You kill the frilled lizard!
No target in view!
No target in view!
No target in view!
No target in view!
No target in view!
You climb downwards.
There is a stone staircase leading up here.
The gnoll hits you from afar with a +1 spear of venom!
You are poisoned.
You feel very sick. The gnoll misses you.
The gnoll hits you from afar with a +1 spear of venom.
You are lethally poisoned!
You hit the gnoll.
The gnoll is moderately wounded.
You feel very sick.
You hit the gnoll. You bite the gnoll, but do no damage.
The gnoll is heavily wounded.
You feel sick. The gnoll hits you with a +0 spear!
* * * LOW HITPOINT WARNING * * *
The gnoll barely misses you.
You are too injured to fight recklessly!
* * * LOW HITPOINT WARNING * * *
You feel very sick.
The gnoll hits you from afar with a +0 spear.
* * * LOW HITPOINT WARNING * * *
The gnoll misses you.
You die...

#########
###.......#
#.........#
#....$....# ##
#.........#
....#...gg....#
.........>.....
.....##........
### #@.#.##...
#..#.# . #### #
∆


You could see 2 gnolls.

Vanquished Creatures
  Jessica (D:2)
  A gnoll (D:2)
  2 adders (D:2)
  A dart slug (D:2)
  4 ball pythons
  5 endoplasms
  6 giant cockroaches
  6 goblins
  5 hobgoblins
  3 jackals (D:2)
  5 bats
  5 frilled lizards
  7 kobolds
  4 rats
55 creatures vanquished.

Notes
Turn   | Place    | Note
-------+----------+-------------------------------------------
     0 | D:1      | Reached skill level 10 in Short Blades
     0 | D:1      | bande the Gnoll Wanderer began the quest for the Orb.
     0 | D:1      | bande set off with the following items: a +2 short sword, a
                  | +0 helmet, a potion of attraction, a +0 robe; and the
                  | following spells available to memorise: Poisonous Vapours,
                  | Static Discharge
     0 | D:1      | Reached XP level 1. HP: 13/13 MP: 8/8
   270 | D:1      | Reached XP level 2. HP: 13/19 MP: 10/10
   775 | D:1      | Reached XP level 3. HP: 25/25 MP: 11/11
  1454 | D:2      | Reached skill level 1 in Invocations
  1535 | D:2      | Reached skill level 1 in Fighting
  1535 | D:2      | Reached skill level 1 in Long Blades
  1535 | D:2      | Reached skill level 1 in Axes
  1535 | D:2      | Reached skill level 1 in Maces & Flails
  1535 | D:2      | Reached skill level 1 in Polearms
  1535 | D:2      | Reached skill level 1 in Staves
  1535 | D:2      | Reached skill level 1 in Slings
  1535 | D:2      | Reached skill level 1 in Bows
  1535 | D:2      | Reached skill level 1 in Crossbows
  1535 | D:2      | Reached skill level 1 in Throwing
  1535 | D:2      | Reached skill level 1 in Armour
  1535 | D:2      | Reached skill level 1 in Stealth
  1535 | D:2      | Reached skill level 1 in Shields
  1535 | D:2      | Reached skill level 1 in Unarmed Combat
  1607 | D:2      | Reached XP level 4. HP: 29/32 MP: 13/13
  2052 | D:2      | Noticed Jessica
  2063 | D:2      | Killed Jessica
  2064 | D:2      | Reached skill level 1 in Conjurations
  2064 | D:2      | Reached skill level 1 in Hexes
  2064 | D:2      | Reached skill level 1 in Summonings
  2064 | D:2      | Reached skill level 1 in Necromancy
  2064 | D:2      | Reached skill level 1 in Translocations
  2064 | D:2      | Reached skill level 1 in Transmutations
  2064 | D:2      | Reached skill level 1 in Fire Magic
  2064 | D:2      | Reached skill level 1 in Ice Magic
  2064 | D:2      | Reached skill level 1 in Air Magic
  2064 | D:2      | Reached skill level 1 in Earth Magic
  2064 | D:2      | Reached skill level 1 in Poison Magic
  2751 | D:2      | HP: 1/32 [poisoned by a gnoll]
  3204 | D:3      | Succumbed to a gnoll's poison

Illustrated notes

Levels and vault maps discovered:
D:1:      dpeg_arrival_arbitrary_b, layout_loops_corners, minmay_domino_4
D:2:      layout_loops_cross, serial_forest, infiniplex_forest_lined_corner,
          infiniplex_forest_lined_room_, infiniplex_forest_clump_small,
          infiniplex_forest_clump_double, infiniplex_forest_lined_room_2,
          infiniplex_forest_clump_large, infiniplex_forest_3_way, uniq_jessica
D:3:      layout_basic

Skill      XL: |  1  2  3  4 |
---------------+-------------+-----
Short Blades   | | 10.5
Invocations    | 1 |  1.4
Fighting       | 1 |  1.3
Long Blades    | 1 |  1.3
Axes           | 1 |  1.3
Maces & Flails | 1 |  1.3
Polearms       | 1 |  1.3
Staves         | 1 |  1.3
Slings         | 1 |  1.3
Bows           | 1 |  1.3
Crossbows      | 1 |  1.3
Throwing       | 1 |  1.3
Armour         | 1 |  1.3
Stealth        | 1 |  1.3
Shields        | 1 |  1.3
Unarmed Combat | 1 |  1.3
Conjurations   | 1 |  1.0
Hexes          | 1 |  1.0
Summonings     | 1 |  1.0
Necromancy     | 1 |  1.0
Translocations | 1 |  1.0
Transmutations | 1 |  1.0
Fire Magic     | 1 |  1.0
Ice Magic      | 1 |  1.0
Air Magic      | 1 |  1.0
Earth Magic    | 1 |  1.0
Poison Magic   | 1 |  1.0
Dodging        | |  2.8
Spellcasting   | |  7.2
Evocations     | |  2.8

Action                   |  1- 3 |  4- 6 || total
-------------------------+-------+-------++-------
Melee: Short sword       |   127 |    47 ||   174
       Bite              |     3 |     2 ||     5
       Punch             |       |     1 ||     1
  Use: Scroll            |     1 |     2 ||     3
       Potion            |       |     2 ||     2
 Stab: Sleeping          |     2 |       ||     2
Armor: Robe              |    15 |       ||    15
       Leather armour    |     4 |    18 ||    22
Dodge: Dodged            |    59 |    36 ||    95

Table legend: (Time is in decaauts)
 A = Elapsed time spent in this place.
 B = Non-inter-level travel time spent in this place.
 C = Inter-level travel time spent in this place.
 D = Time resting spent in this place.
 E = Time spent auto-exploring this place.
 F = Levels seen in this place.
 G = Mean time per level.
                   A        B        C        D        E       F      G
               +--------+--------+--------+--------+--------+-----+--------+
         Total |   3133 |   3054 |     79 |    459 |   2223 |   3 | 1044.3 |
       Dungeon |   3133 |   3054 |     79 |    459 |   2223 |   3 | 1044.3 |
               +--------+--------+--------+--------+--------+-----+--------+

Top non-repeatable levels by time:
     D:2: 1706 daAuts
     D:1: 1408 daAuts
     D:3: 18 daAuts
